Map: Dusk Towers

Players

Mariuslol - Winner!

  • Race: Zerg Zerg
  • League: Master

WarreN

  • Race: Terran Terran
  • League: Master

VOD

Have the link to the VOD?

Description

Use a lot of drops/nydus late game to get him out of position n stuff

Time

  • Played on: Dec. 31, 2015, 12:08 a.m.
  • Length: 24:05
Show
View Real Time Build Order
Export as new Build Order

Mariuslol Zerg - Winner!

Build Orders: Hatch First 

Get SALT Encoding   

  12  0:00  Drone  
  13  0:13  Overlord  
  13  0:18  Drone  
  14  0:32  Drone x2  
  16  0:37  Drone  
  17  0:53  Hatchery  
  17  0:56  Drone  
  17  1:00  Drone  
  18  1:07  Extractor  
  17  1:15  Spawning Pool  
  17  1:17  Drone  
  17  1:21  Drone  
  18  1:29  Drone  
  19  1:42  Overlord  
  19  2:01  Zergling x2  
  19  2:02  Zergling x2  
  19  2:05  Queen x2  
  19  2:06  Zergling x2  
  26  2:16  Metabolic Boost  
  26  2:18  Drone x2  
  28  2:26  Drone  
  29  2:33  Overlord  
  29  2:41  Queen  
  30  2:48  Drone x3  
  30  2:49  Drone  
  34  2:55  Drone  
  35  3:08  Drone x2  
  35  3:11  Hatchery  
  36  3:15  Drone x4  
  36  3:16  Drone  
  40  3:22  Queen  
  40  3:26  Drone  
  43  3:28  Drone  
  44  3:36  Roach Warren  
  44  3:38  Overlord, Extractor  
  42  3:43  Drone  
  42  3:44  Drone  
  44  3:59  Drone x6  
  44  4:00  Zergling x4  
  52  4:06  Evolution Chamber  
  52  4:08  Evolution Chamber  
  50  4:10  Queen  
  50  4:14  Overlord  
  52  4:30  Spore Crawler  
  51  4:31  Spore Crawler  
  51  4:34  Zerg Missile Weapons Level 1  
  51  4:35  Zerg Ground Armor Level 1  
  51  4:38  Zergling x12  
  56  4:39  Zergling x2  
  56  4:43  Overlord  
  57  4:52  Drone x5  
  62  5:03  Drone x5  
  67  5:07  Drone x3  
  67  5:08  Drone  
  67  5:13  Overlord x2  
  70  5:18  Drone  
  71  5:25  Overlord  
  71  5:29  Overlord  
  71  5:30  Drone  
  71  5:37  Overlord, Roach  
  71  5:38  Spore Crawler, Roach  
  71  5:40  Drone, Extractor x2  
  73  5:43  Hatchery, Lair  
  73  5:45  Drone  
  70  5:58  Drone x4  
  70  5:59  Drone x7  
  81  6:11  Drone x2, Extractor  
  83  6:12  Drone x2  
  83  6:13  Drone x2, Extractor  
  83  6:16  Drone  
  83  6:17  Drone x2  
  88  6:19  Drone  
  88  6:23  Drone  
  88  6:24  Drone x2  
  89  6:29  Queen  
  89  6:30  Spore Crawler  
  90  6:35  Roach x4  
  98  6:44  Zerg Ground Armor Level 2  
  97  6:49  Spore Crawler  
  97  6:50  Queen  
  97  6:51  Drone x3  
  101  6:57  Overlord  
  101  7:02  Evolution Chamber  
  100  7:08  Spore Crawler  
  100  7:10  Spore Crawler, Overlord  
  98  7:17  Spine Crawler  
  98  7:19  Roach x8  
  98  7:21  Hatchery  
  112  7:26  Pneumatized Carapace  
  112  7:30  Zerg Missile Weapons Level 2  
  112  7:38  Overlord x2  
  112  7:39  Roach x4  
  112  7:40  Roach x4  
  112  7:43  Overlord x2  
  128  7:54  Overlord x3  
  128  7:55  Roach x4  
  136  7:59  Roach x2  
  136  8:04  Overseer  
  140  8:06  Roach x2  
  140  8:07  Overlord  
  140  8:08  Roach  
  150  8:12  Roach  
  150  8:13  Roach x2  
  150  8:14  Roach  
  150  8:17  Overseer  
  154  8:23  Roach x4  
  162  8:30  Roach x3  
  162  8:31  Roach  
  162  8:32  Roach  
  172  8:38  Roach x3  
  172  8:40  Roach  
  180  8:43  Roach x2  
  180  8:44  Roach  
  183  9:03  Spore Crawler  
  183  9:04  Overseer  
  183  9:06  Spore Crawler, Hydralisk Den  
  183  9:07  Roach x6  
  183  9:08  Roach x3  
  198  9:24  Spore Crawler  
  198  9:25  Spore Crawler, Ravager x3  
  198  9:26  Spore Crawler x3, Ravager x2  
  198  9:27  Ravager  
  198  9:28  Spore Crawler  
  198  9:29  Glial Reconstitution  
  198  9:35  Muscular Augments  
  198  9:36  Overlord x2  
  202  9:48  Spine Crawler x2  
  202  9:49  Overlord  
  197  9:52  Extractor  
  197  9:53  Extractor  
  178  10:05  Roach x14  
  178  10:06  Roach x3  
  194  10:08  Roach x2  
  184  10:15  Hydralisk x3  
  184  10:20  Hydralisk x2  
  175  10:28  Ravager  
  147  10:31  Infestation Pit  
  147  10:34  Spire  
  124  10:38  Hydralisk x3  
  130  10:48  Overseer x2  
  122  10:50  Hydralisk x3  
  122  10:54  Drone x4  
  132  11:08  Infestor x2  
  132  11:09  Infestor  
  132  11:10  Hydralisk  
  132  11:11  Hydralisk x2  
  144  11:35  Roach  
  144  11:36  Roach x12  
  170  11:42  Drone x5  
  170  11:43  Drone  
  176  11:52  Corruptor x2  
  180  11:56  Corruptor  
  180  11:57  Corruptor  
  184  12:06  Ravager x2  
  186  12:09  Roach x4  
  186  12:12  Overseer  
  192  12:40  Hatchery  
  192  12:41  Zerg Melee Weapons Level 1  
  191  12:59  Hatchery  
  190  13:06  Nydus Network  
  163  13:24  Roach x19  
  163  13:25  Roach x10  
  171  13:29  Roach x2  
  162  13:35  Roach x2  
  156  13:52  Corruptor x2  
  156  13:54  Roach x5  
  156  13:55  Ravager x4  
  174  13:56  Ravager x2  
  174  14:02  Corruptor  
  178  14:08  Nydus Canal  
  178  14:13  Drone x2  
  178  14:14  Drone x4  
  178  14:16  Spore Crawler  
  183  14:17  Drone x2  
  185  14:26  Overseer  
  185  14:36  Infestor x2  
  171  14:49  Hive, Zerg Melee Weapons Level 2  
  163  14:57  Drone x2, Extractor x2  
  163  14:59  Spine Crawler, Infestor x2  
  166  15:00  Corruptor x2  
  166  15:01  Spine Crawler  
  169  15:12  Nydus Canal  
  169  15:17  Roach x3  
  169  15:19  Corruptor  
  169  15:20  Zergling x8  
  169  15:21  Zergling x20  
  191  15:28  Drone x2  
  191  15:29  Drone x2  
  191  15:30  Spore Crawler  
  191  15:34  Spine Crawler  
  191  15:49  Infestor x2  
  161  16:00  Drone x3  
  161  16:03  Drone x2  
  161  16:04  Drone  
  167  16:12  Overseer  
  167  16:16  Ultralisk Cavern  
  167  16:17  Zerg Ground Armor Level 3, Spine Crawler  
  165  16:19  Greater Spire  
  165  16:21  Spore Crawler  
  165  16:23  Spine Crawler  
  163  16:26  Spine Crawler  
  163  16:27  Corruptor  
  164  16:35  Corruptor  
  164  16:36  Corruptor x2  
  168  16:52  Drone x5  
  168  16:53  Drone  
  174  17:05  Spine Crawler x2  
  174  17:08  Ultralisk x4, Spine Crawler  
  195  17:13  Spore Crawler  
  195  17:14  Drone x4  
  198  17:16  Spine Crawler x2  
  196  17:27  Chitinous Plating, Zerg Melee Weapons Level 3  
  196  17:29  Infestor x2  
  200  17:49  Overseer  
  200  17:51  Spore Crawler  
  199  17:52  Spore Crawler  
  199  17:55  Spore Crawler  
  199  17:56  Spore Crawler  
  196  17:59  Overlord x2  
  196  18:02  Zerg Flyer Armor Level 1  
  187  18:25  Ultralisk x4  
  166  18:27  Zergling x24  
  166  18:28  Zergling x20  
  166  18:29  Infestor  
  170  18:38  Zergling x30  
  170  18:39  Zergling x2  
  150  18:57  Nydus Canal  
  150  19:05  Overseer  
  150  19:07  Extractor  
  149  19:11  Ultralisk, Zergling x2  
  149  19:12  Zergling x18  
  165  19:22  Ultralisk, Zergling x2  
  165  19:23  Zergling x24  
  184  19:29  Extractor  
  170  19:56  Brood Lord  
  170  19:57  Corruptor, Brood Lord x2  
  172  20:15  Adrenal Glands  
  167  20:21  Corruptor x2  
  169  20:36  Nydus Canal  
  169  20:40  Overseer  
  169  20:43  Corruptor x2  
  173  21:02  Zergling x46  
  173  21:03  Zergling x4  
  198  21:06  Corruptor  
  168  21:22  Corruptor  
  168  21:23  Corruptor  
  166  21:26  Brood Lord x2  
  168  21:39  Nydus Canal  
  162  21:41  Hatchery  
  161  21:48  Zergling x42  
  161  21:53  Nydus Canal  
  182  22:01  Zergling x6  
  182  22:02  Zergling x14  
  162  22:48  Corruptor x4  
  136  22:55  Infestor  
  136  22:56  Infestor  
  136  22:58  Ultralisk x3  
  145  22:59  Zergling x36  
  145  23:00  Zergling x2  
  145  23:03  Nydus Canal  
  158  23:13  Zergling x14  
  158  23:14  Zergling x4  
  167  23:30  Zergling x4  
  175  23:43  Overlord x2  
Show
View Real Time Build Order
Export as new Build Order

WarreN Terran 

Build Orders: Reaper Expand, Hellion Banshee, MMM Bio 

Get SALT Encoding   

  12  0:01  SCV  
  13  0:13  SCV  
  14  0:18  Supply Depot  
  14  0:25  SCV  
  15  0:40  SCV  
  15  0:41  Barracks  
  16  0:47  Refinery  
  16  0:52  SCV  
  17  1:04  SCV  
  18  1:16  SCV  
  19  1:30  Reaper  
  19  1:31  Orbital Command  
  20  1:41  Command Center  
  20  1:57  SCV  
  21  2:01  Supply Depot  
  21  2:02  Barracks Reactor  
  21  2:10  SCV  
  22  2:18  Refinery  
  22  2:22  SCV  
  23  2:25  Factory  
  23  2:34  SCV  
  24  2:45  Marine x2  
  24  2:46  SCV  
  27  2:52  Orbital Command  
  27  2:58  SCV  
  28  3:10  SCV  
  29  3:22  SCV  
  29  3:24  Starport  
  30  3:27  Barracks Tech Lab  
  30  3:30  SCV  
  30  3:33  Command Center  
  31  3:34  SCV  
  31  3:37  Hellion  
  31  3:38  Hellion  
  36  3:42  SCV  
  36  3:46  SCV  
  38  3:54  SCV  
  38  3:55  Barracks Tech Lab  
  39  3:56  Supply Depot  
  39  3:58  SCV  
  39  4:00  Hellion x2  
  44  4:06  SCV  
  44  4:08  Cloaking Field  
  45  4:11  SCV  
  45  4:15  Supply Depot  
  46  4:18  Banshee, Marine, Stimpack, SCV  
  46  4:21  Supply Depot  
  51  4:24  SCV  
  51  4:27  Hellion  
  54  4:36  SCV  
  54  4:37  Hellion  
  57  4:43  Supply Depot  
  57  4:49  SCV x2  
  59  4:52  Orbital Command  
  59  4:58  Barracks  
  59  4:59  Engineering Bay x2, Barracks  
  59  5:00  Refinery  
  59  5:02  SCV  
  59  5:03  Banshee  
  63  5:14  Barracks  
  63  5:16  Factory Tech Lab  
  63  5:21  Barracks  
  63  5:23  Marine  
  63  5:27  High Capacity Fuel Tanks, SCV  
  63  5:28  SCV x2  
  67  5:31  Terran Infantry Weapons Level 1  
  65  5:40  SCV x3  
  68  5:52  SCV  
  68  5:56  SCV  
  71  5:57  Medivac  
  71  6:00  Barracks Reactor  
  71  6:01  Orbital Command  
  71  6:04  SCV  
  74  6:06  Refinery, Factory Reactor  
  74  6:08  SCV  
  74  6:14  Marine x2  
  74  6:15  Barracks Reactor  
  74  6:16  Combat Shields, SCV  
  77  6:20  SCV  
  78  6:33  SCV x2  
  80  6:46  SCV x2  
  71  6:48  SCV  
  71  6:49  Marine x3  
  71  6:50  Marine x3  
  78  6:56  Concussive Shells  
  78  7:07  Marine x2  
  80  7:09  SCV x2, Marauder x2, Marine x3  
  80  7:10  Siege Tank  
  80  7:13  Marine  
  93  7:25  Terran Infantry Armor Level 1  
  93  7:28  Armory  
  93  7:29  Missile Turret  
  93  7:38  Supply Depot  
  93  7:39  Supply Depot  
  93  7:40  Supply Depot  
  93  7:42  Supply Depot  
  93  7:54  Missile Turret  
  93  7:57  Missile Turret  
  93  7:59  SCV, Medivac, Marine x5  
  93  8:00  Marine x3  
  93  8:01  SCV x2, Medivac  
  93  8:04  Missile Turret  
  108  8:07  Sensor Tower  
  108  8:09  Barracks  
  108  8:10  Refinery, Barracks  
  108  8:12  SCV  
  109  8:13  SCV x2, Siege Tank  
  109  8:15  Terran Infantry Weapons Level 2  
  109  8:17  Marine x4  
  109  8:18  Marine  
  119  8:21  Marauder, Marine x2  
  119  8:24  SCV  
  119  8:25  SCV  
  125  8:34  SCV, Supply Depot  
  126  8:35  Marauder  
  126  8:36  SCV, Supply Depot  
  126  8:38  Supply Depot  
  126  8:39  Supply Depot x3  
  126  8:40  Supply Depot  
  129  8:43  Marauder  
  129  8:45  Marine x2  
  129  8:47  Marine x2  
  135  8:54  Marine  
  135  8:55  Marine  
  137  8:57  Marauder  
  139  9:02  Medivac  
  139  9:03  Marine x2, Medivac  
  139  9:04  Marauder  
  139  9:07  SCV  
  148  9:10  Barracks Tech Lab x2  
  148  9:11  Refinery  
  148  9:13  Barracks  
  148  9:15  Starport  
  148  9:18  Marauder, Liberator x2  
  148  9:20  Command Center  
  150  9:24  Marine x2  
  150  9:25  Marauder  
  154  9:31  Terran Infantry Armor Level 2  
  160  9:40  Marauder  
  162  9:47  Marauder  
  164  9:53  Marine  
  164  9:54  Marauder x2  
  154  10:01  Marauder  
  154  10:06  Marine x2  
  119  10:08  Marauder  
  119  10:12  Marine  
  103  10:15  Marauder x2  
  103  10:17  Marine x2  
  78  10:22  Marauder  
  78  10:23  Marine  
  69  10:30  Marauder  
  67  10:36  Marauder  
  67  10:37  Marauder  
  71  10:43  SCV x3  
  71  10:44  Liberator x2, Starport Reactor, Marauder  
  71  10:46  Barracks Tech Lab  
  75  10:51  Marauder  
  75  10:55  SCV x2  
  79  10:58  Terran Infantry Weapons Level 3  
  79  11:04  Marauder  
  87  11:20  Marauder  
  87  11:21  Marauder x2  
  87  11:23  SCV  
  87  11:24  Liberator  
  94  11:27  Liberator  
  94  11:28  SCV x2  
  94  11:31  Marauder  
  94  11:32  Marine x2  
  106  11:52  Marauder x2, Marine  
  111  12:02  Terran Infantry Armor Level 3  
  111  12:14  Planetary Fortress  
  111  12:18  SCV x2  
  111  12:22  Marauder x2  
  111  12:39  Marine, Marauder x2  
  111  12:43  Marauder x2  
  120  12:51  Sensor Tower  
  120  12:53  Missile Turret  
  120  12:55  SCV x2  
  122  13:00  Marauder  
  122  13:02  SCV x2  
  126  13:08  Marauder  
  126  13:09  Marauder  
  119  13:26  Marauder x2, Marine x2  
  86  13:40  Marauder x2, Marine x4  
  94  13:55  Liberator  
  94  13:56  Liberator x2  
  86  14:15  SCV x2  
  97  14:18  Marauder x2  
  97  14:22  Marine, Marauder x2  
  97  14:23  Marine x2  
  107  14:36  Marine x2  
  107  14:39  Marauder x2, Marine  
  107  14:40  Liberator  
  107  14:41  Liberator  
  111  14:46  SCV x3  
  119  15:13  Terran Ship Weapons Level 1  
  119  15:21  Marauder x4  
  127  15:25  SCV x2  
  127  15:27  Refinery  
  129  15:28  Refinery  
  117  15:50  Marine  
  117  15:51  Marauder x2, Marine  
  117  15:56  Liberator x2  
  121  15:58  Command Center, Marauder x2, Marine x2  
  121  16:00  SCV  
  121  16:01  SCV x2, Refinery  
  121  16:04  SCV  
  131  16:13  Medivac  
  131  16:14  Marine x3  
  142  16:33  Liberator x2  
  142  16:45  Missile Turret  
  142  16:46  Missile Turret  
  142  16:49  Missile Turret  
  148  17:00  Liberator  
  148  17:05  Marauder x2, Marine x4  
  156  17:09  SCV  
  156  17:10  SCV  
  151  17:23  Liberator  
  151  17:33  Marauder x2  
  151  17:34  Marauder  
  157  17:38  Sensor Tower  
  160  18:10  Marine, Marauder x4  
  166  18:24  Liberator  
  141  18:31  Marauder  
  133  18:37  Marauder, Marine x2  
  133  18:38  Marauder  
  129  18:53  Liberator  
  129  19:06  Liberator  
  129  19:09  Marauder x3, Marine x2  
  140  19:19  Planetary Fortress  
  140  19:21  Liberator x2  
  140  19:23  Missile Turret  
  139  19:41  SCV x2  
  147  19:46  Marauder x3  
  147  19:47  Marauder  
  155  19:58  Medivac  
  157  20:02  Marine x2  
  157  20:06  Medivac  
  161  20:21  Medivac x2  
  161  20:28  Medivac  
  165  20:39  Marauder x2, Marine x2  
  171  21:04  Marauder x2, Marine x2  
  175  21:10  Marine  
  165  21:15  Marauder x2, Marine  
  162  21:25  Starport Reactor  
  162  21:30  Command Center  
  157  21:32  Command Center  
  157  21:34  Command Center, Medivac, Marauder  
  157  21:35  Medivac  
  157  21:36  Marauder  
  162  21:40  Orbital Command  
  162  21:50  Sensor Tower  
  162  21:51  Marine x4, Marauder  
  168  21:55  Marauder  
  168  21:57  Marine  
  171  22:29  SCV  
  171  22:30  SCV  
  154  22:55  Liberator x3  
  154  22:56  Liberator  
  127  23:09  Marine  
  127  23:10  Marine x6  
  134  23:21  Widow Mine  
  136  23:27  Marine  
  136  23:28  Marine  
  138  23:41  Marauder, Marine x4  
  140  23:45  Marine  
Tags
 
Add a new tag
Caveats
  • Supply blocks, unpowered buildings, or Contaminate may cause inaccurate times.
  • Supply counts are checked every 10 seconds.